 Dungeon Crawl Stone Soup version 0.23-a0-239-g84a5ed292d (webtiles) character file.

35 Lepercus the Insei (level 3, 0/29 HPs)
             Began as a Human Monk on Sept 26, 2018.
             Slain by a jackal (3 damage)
             ... on level 2 of the Dungeon.
             The game lasted 00:06:56 (1308 turns).

Lepercus the Insei (Human Monk)                     Turns: 1308, Time: 00:06:57

Health: 0/29       AC:  2    Str: 12    XL:     3   Next: 55%
Magic:  3/3        EV: 13    Int: 10    God:
Gold:   99         SH:  0    Dex: 15    Spells: 2/2 levels left

rFire    . . .     SeeInvis .     - Unarmed
rCold    . . .     Gourm    .   (no shield)
rNeg     . . .     Faith    .   a - +0 robe
rPois    .         Spirit   .   (no helmet)
rElec    .         Reflect  .   (no cloak)
rCorr    .         Harm     .   (no gloves)
MR       .....                  (no boots)
Stlth    ++........             (no amulet)
HPRegen  0.09/turn              (no ring)
MPRegen  0.08/turn              (no ring)

@: no status effects
A: no striking features
a: no special abilities


You were on level 2 of the Dungeon.
You were not hungry.

You visited 1 branch of the dungeon, and saw 2 of its levels.

You collected 99 gold pieces.

Inventory:

Missiles
 c - 33 bolts
Armour
 a - a +0 robe (worn)
 e - a +0 leather armour
 g - a +0 scale mail
 h - a +0 leather armour
 j - a +0 robe
Jewellery
 f - an uncursed ring of protection from fire {unknown}
Potions
 i - a potion of degeneration {unknown}
Comestibles
 b - a ration


   Skills:
 * Level 3.0 Fighting
 - Level 3.0 Dodging
 - Level 2.0 Stealth
 + Level 4.3 Unarmed Combat


You had 2 spell levels left.
You didn't know any spells.
Your spell library was empty.

Dungeon Overview and Level Annotations

Branches:
Dungeon (2/15)

Altars:
The Shining One


Message History

The adder bites you but does no damage. The jackal bites you.
The quokka bites you.
* * * LOW HITPOINT WARNING * * *
The adder closely misses you.
You barely miss the adder.
The adder is heavily wounded.
The jackal misses you. The quokka closely misses you.
The adder closely misses you. The jackal barely misses you.
You hit the adder but do no damage.
The adder is heavily wounded.
The quokka bites you.
* * * LOW HITPOINT WARNING * * *
The adder closely misses you.
The jackal bites you but does no damage.
The kobold closely misses you.
You hit the adder.
The adder is severely wounded.
The adder barely misses you. The quokka barely misses you.
The jackal bites you.
You die...

♣.#... ...
#♣..... ..
#PP.._. ♣P♣♣ #
#P..... ...♣♣.♣
♣P#...#..P..
.♣(......♣.♣ #
P..P.#Kr8P.♣ .#
♣P.....@S.♣ .#
P♣..P...h♣.♣ ♣.#
♣P.....P♣ ..#
♣♣..♣..♣♣♣♣♣♣P.#
###
♣.P.♣..P.P..♣§♣.#
#<#
♣.P..P♣.....§♣♣§#
####.#
#♣.♣PPP..♣♣♣♣§§§#
+##....#
#P.P♣P.♣♣.)♣♣♣.§#
>##....#
#P♣♣♣♣♣..P♣♣♣P♣.#


You could see an adder, a quokka, a jackal and a kobold.

Vanquished Creatures
  An ooze (D:1)
  A worm (D:2)
  3 dart slugs
  2 bats
  A giant cockroach (D:1)
  2 goblins (D:1)
  A hobgoblin (D:1)
  A jackal (D:2)
  5 kobolds
  A quokka (D:2)
  2 frilled lizards
  3 rats (D:1)
  A plant (D:2)
24 creatures vanquished.

Vanquished Creatures (others)
  A plant (D:2)
1 creature vanquished.

Grand Total: 25 creatures vanquished

Notes
Turn   | Place    | Note
-------+----------+-------------------------------------------
     0 | D:1      | Lepercus the Human Monk began the quest for the Orb.
     0 | D:1      | Reached XP level 1. HP: 18/18 MP: 1/1
   126 | D:1      | Reached XP level 2. HP: 19/24 MP: 2/2
   862 | D:2      | Reached skill level 4 in Unarmed Combat
   862 | D:2      | Reached XP level 3. HP: 27/29 MP: 3/3
   948 | D:2      | HP: 1/29 [worm (5)]
  1283 | D:2      | Found a glowing golden altar of the Shining One.
  1308 | D:2      | Slain by a jackal

Vault maps used:
D:1:      lightli_arrival_windingriver
D:2:      wad_woods_stonehenge, minitemple, led_sif_pool

Skill      XL: |  1  2 |
---------------+-------+-----
Unarmed Combat | 4 |  4.3
Fighting       | |  3.0
Dodging        | |  3.0
Stealth        | |  2.0

Action                   || total
-------------------------++-------
Melee: Unarmed           ||   134
       Punch             ||     8
  Use: Scroll            ||     2
       Potion            ||     2
 Stab: Sleeping          ||     4
  Eat: Chunk             ||     1
Armor: Robe              ||    16
Dodge: Dodged            ||    66

Table legend:
 A = Non-vault XP
 B = Vault XP
 C = Vault XP percentage of total XP
 D = Non-vault monster count
 E = Vault monster count
 F = Vault count percentage of total count
                 A         B        C        D         E       F
            +---------+---------+-------+---------+---------+-------
      Total |      44 |       7 |  13.7 |      20 |       3 |  13.0
            +---------+---------+-------+---------+---------+-------
        D:1 |      27 |       0 |   0.0 |      12 |       0 |   0.0
        D:2 |      17 |       7 |  29.2 |       8 |       3 |  27.3
            +---------+---------+-------+---------+---------+-------
